 Dungeon Crawl Stone Soup version 0.29.1-13-g9f3cf754e1 (webtiles) character file.

Game seed: 11058935050540458672

51 leafyfresh the Magician (level 4, -4/31 HPs)
             Began as a Djinni Ice Elementalist on Feb 7, 2023.
             Slain by a worm (11 damage)
             ... on level 1 of the Dungeon.
             The game lasted 00:02:41 (2069 turns).

leafyfresh the Magician (Djinni Ice Elementalist)   Turns: 2069, Time: 00:02:42

Health: -4/31      AC:  2    Str:  7    XL:     4   Next: 7%
Gold:   29         EV: 13    Int: 18    God:
                   SH:  0    Dex: 14

rFire   + + .      SeeInvis .   e - +0 short sword (vamp)
rCold   x . .      Faith    .   (no shield)
rNeg    . . .      Spirit   .   a - +0 robe
rPois   ∞          Reflect  .   (no helmet)
rElec   .          Harm     .   (no cloak)
rCorr   .          Rampage  .   (no gloves)
Will    .....                   (boots unavailable)
Stlth   ++........              (no amulet)
HPRegen 0.10/turn               (no ring)
MPRegen 0.00/turn               (no ring)

@: freezing walls, flying
A: sickness immunity, fire resistance 2, cold vulnerability 1, float, innate
caster, HP casting, extra vitality 1
a: no special abilities


You were on level 1 of the Dungeon.
You visited 1 branch of the dungeon, and saw 2 of its levels.

You collected 29 gold pieces.

Inventory:

Hand Weapons
 c - a +0 club
 e - a +0 vampiric short sword (weapon)
Armour
 a - a +0 robe (worn)
Magical Staves
 g - a staff of poison
Scrolls
 d - a scroll of identify {unknown}
 f - a scroll of brand weapon {unknown}
 i - a scroll of enchant weapon {unknown}
 k - 2 scrolls of teleportation {unknown}
Potions
 b - a potion of degeneration {unknown}
 h - a potion of attraction {unknown}
 j - a potion of curing {unknown}
 l - a potion of haste {unknown}
 m - a potion of heal wounds {unknown}


   Skills:
 + Level 3.4 Dodging
 - Level 1.6 Stealth
 + Level 3.7 Spellcasting


You couldn't memorise any spells.
You knew the following spells:

 Your Spells              Type           Power      Damage    Failure   Level
a - Freeze                Ice            68%        1d8       3%          1
b - Frozen Ramparts       Ice            34%        1d6       10%         3
c - Ozocubu's Armour      Ice            17%        N/A       10%         3
d - Hailstorm             Conj/Ice       17%        3d6       32%         4
e - Summon Small Mammal   Summ           68%        N/A       3%          1
Your spell library was empty.

Dungeon Overview and Level Annotations

Branches:
Dungeon (2/15)

Altars:


Innate Abilities, Weirdness & Mutations

You are immune to sickness and miasma.
You are immune to poison.
Your flesh is very heat resistant. (rF++)
You are vulnerable to cold. (rC-)
You float through the air rather than walking.
You learn spells naturally, not from books.
Your magical power is your life essence.
You have superior vitality. (+4 MHP)


Message History

You hit the worm.
The worm is moderately wounded.
The jackal barely misses you.
Unknown command.
You barely miss the worm.
The worm is moderately wounded.
The jackal bites you but does no damage.
The jackal misses you.
The wall freezes the worm.
The worm misses you.
You hit the worm but do no damage.
The worm is moderately wounded.
The frozen ramparts melt away.
The jackal barely misses you.
You barely miss the worm.
The worm is moderately wounded.
The jackal barely misses you. The worm closely misses you.
The jackal barely misses you.
Unknown command.
Your icy armour will break if you move.
Continue?
Your icy armour cracks and falls away as you move.
The jackal misses you. The worm barely misses you. The jackal misses you.
The jackal barely misses you. The jackal barely misses you.
There is a stone staircase leading up here.
The jackal closely misses you. The worm bites you.
You fly upwards.
There is a stone staircase leading down here.
Casting: Ozocubu's Armour (quite dangerous; 10% risk of failure)
Confirm with . or Enter, or press ? or * to list all spells.
The spell is quite dangerous to miscast (10% risk of failure)!
Continue anyway?
Casting: Frozen Ramparts (quite dangerous; 10% risk of failure)
Press: ? - help, Dir - look around, f - activate A stone staircase leading down.
The walls around you are covered in ice.
The jackal bites you. x2
* * * LOW HITPOINT WARNING * * *
You hit the worm.
You feel better.
The worm is moderately wounded.
The jackal bites you.
* * * LOW HITPOINT WARNING * * *
The wall freezes the worm!
The worm bites you!
You die...

...#.# #.# #.# #.# ...#.# #.# #.#
#.# ...#.# #.# #.# #.########
...#.# #.######.# #†#.......
.....# #........# #.#.######
...#####################.#(# #
...'.....................#.# #
...#######################.######
...............w@......#........#
.#.#............h.#.##.#.#.####.#
##.##########.....#.#....#.# #.#
##.##########.....#.##.###.# #.#
.#'#......................(# #.#
.......######.#...#.##.########.#
.......######.....#.##..........#
.............##..##.#############
.............##.[................


You could see a worm and a jackal.

Vanquished Creatures
  2 adders (D:2)
  A dart slug (D:1)
  3 ball pythons (D:1)
  2 bats (D:1)
  4 endoplasms
  2 giant cockroaches
  2 hobgoblins (D:1)
  3 jackals (D:2)
  2 quokkas (D:1)
  A frilled lizard (D:1)
  5 kobolds
  A rat (D:1)
28 creatures vanquished.

Notes
Turn   | Place    | Note
-------+----------+-------------------------------------------
     0 | D:1      | leafyfresh the Djinni Ice Elementalist began the quest for
                  | the Orb.
     0 | D:1      | leafyfresh set off with the following spells memorised:
                  | Freeze, Frozen Ramparts, Ozocubu's Armour, Hailstorm.
     0 | D:1      | Reached XP level 1. HP: 15/15 MP: 0/0
   349 | D:1      | Reached XP level 2. HP: 20/21 MP: 0/0
  1084 | D:1      | Reached XP level 3. HP: 22/25 MP: 0/0
  1084 | D:1      | Learned a level 1 spell: Summon Small Mammal
  1220 | D:1      | Found a faded altar of an unknown god.
  2056 | D:2      | Reached XP level 4. HP: 19/31 MP: 0/0
  2069 | D:1      | Slain by a worm

Illustrated notes

Levels and vault maps discovered:
D:1:      reono_arrival_mine, layout_basic, shapermc_ecumenical_altar_notcrosses
D:2:      layout_rooms, basic_altar, grunt_ministairs_9,
          uniq_crazy_yiuf_cottage, uniq_natasha, uniq_robin

Skill      XL: |  1  2  3 |
---------------+----------+-----
Dodging        | 3 |  3.4
Stealth        | |  1.6
Spellcasting   | |  3.7

Action                   |  1- 3 |  4- 6 || total
-------------------------+-------+-------++-------
Melee: Unarmed           |     7 |       ||     7
       Club              |     1 |       ||     1
       Short sword       |    51 |     8 ||    59
       Punch             |     1 |       ||     1
 Cast: Freeze            |    14 |       ||    14
       Frozen Ramparts   |     3 |     1 ||     4
       Summon Small Mamm |     1 |       ||     1
       Ozocubu's Armour  |     1 |       ||     1
 Stab: Sleeping          |     3 |       ||     3
Armor: Robe              |    20 |     3 ||    23
Dodge: Dodged            |    54 |    18 ||    72
